 Dungeon Crawl Stone Soup version 0.30.1-9-gdf580d7c3d (webtiles) character file.

Game seed: 12291100558618830848

70 KittyFluff the Trooper (level 4, -3/29 HPs)
             Began as a Gargoyle Berserker on Oct 15, 2023.
             Was a Believer of Trog.
             Slain by a worm (9 damage)
             ... on level 2 of the Dungeon.
             The game lasted 00:04:29 (1199 turns).

KittyFluff the Trooper (Gargoyle Berserker)         Turns: 1199, Time: 00:04:29

Health: -3/29      AC:  5    Str: 22    XL:     4   Next: 22%
Magic:  4/4        EV: 11    Int:  8    God:    Trog [**....]
Gold:   34         SH:  2    Dex:  9    Spells: 3/3 levels left

rFire   . . .        a - +0 mace
rCold   . . .        g - +0 buckler
rNeg    + . .        b - +0 animal skin
rPois   ∞            (no helmet)
rElec   +            (no cloak)
rCorr   .            (no gloves)
SInv    .            (no boots)
Will    .....        (no amulet)
Stlth   +            (no ring)
HPRegen 0.24/turn    (no ring)
MPRegen 0.09/turn

%: no passive effects
@: no status effects
A: sickness immunity, AC +3, negative energy resistance 1, electricity
resistance, torment resistance 1, petrification resistance
a: Renounce Religion, Berserk, Trog's Hand


You were on level 2 of the Dungeon.
You worshipped Trog.
Trog was pleased with you.
You visited 1 branch of the dungeon, and saw 2 of its levels.

You collected 34 gold pieces.

Inventory:

Hand Weapons
 a - a +0 mace (weapon)
Armour
 b - a +0 animal skin (worn)
 f - a +0 ring mail
 g - a +0 buckler (worn)
Scrolls
 c - 2 scrolls of teleportation {unknown}
 e - 2 scrolls of brand weapon {unknown}
Potions
 d - a potion of haste {unknown}


   Skills:
 + Level 3.9 Fighting
 * Level 3.5 Maces & Flails
 * Level 3.0 Armour
 + Level 2.2 Dodging
 + Level 0.0 Shields


You had 3 spell levels left.
You didn't know any spells.
Your spell library was empty.

Dungeon Overview and Level Annotations

Branches:
Dungeon (2/15)

Altars:


Innate Abilities, Weirdness & Mutations

You are immune to sickness and miasma.
Your stone body is resilient. (AC +3)
You are immune to poison.
You resist negative energy. (rN+)
You are resistant to electric shocks. (rElec)
You are resistant to unholy torment.
You are immune to petrification.


Message History

Found 8 gold pieces.
Found a stone staircase leading down.
A frilled lizard comes into view.
A worm comes into view.
The frilled lizard hisses angrily.
You hit the worm.
The worm is lightly wounded.
You hit the worm.
The worm is moderately wounded.
The worm closely misses you.
You hit the worm.
The worm is severely wounded.
You block the worm's attack.
The frilled lizard bites you but does no damage.
You thump the frilled lizard!
You kill the frilled lizard!
Trog accepts your kill.
You see here a frilled lizard corpse.
You barely miss the worm.
The worm is moderately wounded.
The worm bites you!
You hit the worm.
The worm is heavily wounded.
The worm bites you.
You hit the worm but do no damage.
The worm is moderately wounded.
You barely miss the worm.
The worm is moderately wounded.
The worm bites you.
You hit the worm but do no damage.
The worm is moderately wounded.
The worm closely misses you.
You barely miss the worm.
The worm is moderately wounded.
The worm bites you!
* * * LOW HITPOINT WARNING * * *
You sock the worm!
The worm is severely wounded.
The worm bites you!
You die...

.... #$.... ....
....#####..#######
#................
#....##.....:..#######
#....##.......†.......
#...............#####.
#....##########.# #..
#...w@..........# #..
#..#.###############..
#....#.# #.......
#........# #.......
#..>###### ######)#
###. #.. # #.# #.#
###.#


You could see a worm.

Vanquished Creatures
  A gnoll (D:1)
  4 dart slugs (D:1)
  5 orcs (D:1)
  6 endoplasms (D:1)
  2 giant cockroaches (D:1)
  4 goblins (D:1)
  3 hobgoblins
  3 jackals (D:1)
  8 kobolds
  A quokka (D:2)
  2 ball pythons (D:1)
  3 frilled lizards
  2 rats (D:1)
44 creatures vanquished.

Notes
Turn   | Place    | Note
-------+----------+-------------------------------------------
     0 | D:1      | KittyFluff the Gargoyle Berserker began the quest for the
                  | Orb.
     0 | D:1      | Reached XP level 1. HP: 14/14 MP: 1/1
    72 | D:1      | Reached XP level 2. HP: 17/19 MP: 2/2
   297 | D:1      | Found a faded altar of an unknown god.
   411 | D:1      | Reached XP level 3. HP: 23/23 MP: 3/3
   551 | D:1      | Reached ** piety under Trog
   966 | D:1      | Reached XP level 4. HP: 16/29 MP: 4/4
  1199 | D:2      | Slain by a worm

Illustrated notes

Levels and vault maps discovered:
D:1:      nicolae_arrival_memento_mori, layout_basic,
          chequers_ecumenical_altar_simple, wad_floor_pattern_2,
          serial_park_tiny_pond, nrook_loot_triangle
D:2:      layout_basic, serial_curves, eino_curves_02, eino_curves_03,
          minmay_misc_feat_encased, minmay_misc_feat_room

Skill      XL: |  1  2  3  4 |
---------------+-------------+-----
Dodging        | 2 |  2.2
Armour         | 3 |  3.0
Fighting       | |  3.9
Maces & Flails | |  3.5

Action                     |  1- 3 |  4- 6 || total
---------------------------+-------+-------++-------
  Melee: Mace              |    86 |    44 ||   130
         Punch             |     1 |       ||     1
 Invoke: Berserk           |     1 |       ||     1
   Stab: Sleeping          |     1 |       ||     1
 Armour: Animal skin       |    50 |    10 ||    60
  Dodge: Dodged            |    91 |    27 ||   118
  Block: Buckler           |       |     2 ||     2
